 Dungeon Crawl Stone Soup version 0.30.0-18-gc0e69614cb (webtiles) character file.

Game seed: 17514037150606957814

455 Sabo the Chopper (level 6, 0/46 HPs)
             Began as a Demonspawn Gladiator on May 24, 2023.
             Slain by an ogre
             ... wielding a +0 giant club
              (16 damage)
             ... on level 5 of the Dungeon.
             The game lasted 00:18:16 (4321 turns).

Sabo the Chopper (Demonspawn Gladiator)             Turns: 4321, Time: 00:18:17

Health: 0/46       AC: 14    Str: 17    XL:     6   Next: 76%
Magic:  6/6        EV:  8    Int:  9    God:
Gold:   160        SH:  4    Dex: 14    Spells: 5/5 levels left

rFire   + . .        a - +0 war axe
rCold   + + .        (no shield)
rNeg    . . .        y - +0 chain mail {rC+}
rPois   .            v - +2 helmet
rElec   .            m - scarf {rC+ rF+}
rCorr   .            k - +0 pair of gloves
SInv    .            h - +0 pair of boots
Will    +....        (no amulet) Stlth
                     w - ring of willpower
HPRegen 0.27/turn    (no ring)
MPRegen 0.10/turn

%: no passive effects
@: no status effects
A: large bone plates 1, powered by pain 1, demonic magic 1
a: no special abilities


You were on level 5 of the Dungeon.
You visited 1 branch of the dungeon, and saw 5 of its levels.

You collected 160 gold pieces.

Inventory:

Hand Weapons
 a - a +0 war axe (weapon)
 j - a +0 sling
Missiles
 d - 3 throwing nets (quivered)
 e - a javelin
Armour
 h - a +0 pair of boots (worn)
 k - a +0 pair of gloves (worn)
 m - a scarf of resistance (worn)
 v - a +2 helmet (worn)
 y - a +0 chain mail of cold resistance (worn)
Jewellery
 b - the amulet of the Air {Inacc Air Fly rElec RMsl}
   (You found it on level 4 of the Dungeon)

   [amulet of nothing]

   Inacc:     It reduces the accuracy of your attacks and spells.
   Air:       It enhances your air magic.
   rElec:     It insulates you from electricity.
   Fly:       It grants you flight.
   RMsl:      It protects you from missiles.
 w - a ring of willpower (left hand)
Wands
 u - a wand of paralysis (12)
Scrolls
 f - 2 scrolls of silence
 l - a scroll of noise {unknown}
 n - 2 scrolls of teleportation
 p - a scroll of fear {unknown}
 q - a scroll of fog {unknown}
 t - a scroll of amnesia {unknown}
Potions
 c - 4 potions of curing
 g - 3 potions of lignification {unknown}
 i - a potion of degeneration {unknown}
 r - a potion of cancellation {unknown}
 s - a potion of mutation {unknown}
 x - a potion of haste {unknown}


   Skills:
 + Level 2.9 Fighting
 + Level 5.2 Axes
 + Level 2.2 Throwing
 + Level 2.6 Armour
 + Level 3.4 Dodging
 + Level 0.2 Stealth
 + Level 0.7 Shields


You had 5 spell levels left.
You didn't know any spells.
Your spell library contained the following spells:

 Spells                   Type           Power      Damage    Failure   Level
 Cigotuvi's Dreadful Rot  Necr/Pois/Air  0%         N/A       100%        2
 Ignite Poison            Fire/Tmut/Pois 0%         N/A       100%        3
 Volatile Blastmotes      Fire/Tloc      0%         2d10      100%        3
 Anguish                  Hex/Necr       0%         N/A       100%        4
 Cause Fear               Hex            0%         N/A       100%        4
 Fulminant Prism          Conj/Hex       0%         3d5       100%        4
 Iskenderun's Mystic Bla  Conj/Tloc      0%         2d3       100%        4
 Freezing Cloud           Conj/Ice/Air   0%         6-21      100%        5
 Lee's Rapid Deconstruct  Erth           0%         3d4*      100%        5
 Enfeeble                 Hex            0%         N/A       100%        7


Dungeon Overview and Level Annotations

Branches:
Dungeon (5/15)
 Temple: D:4-7

Altars:
Cheibriados
Kikubaaqudgha

Shops:
D:5 !(?


Innate Abilities, Weirdness & Mutations

You are partially covered in large bone plates. (SH +4)
You sometimes gain a little power by taking damage.
Spells you cast may paralyse adjacent enemies.


Message History

Found Nure's Magic Scroll Shop.
Found Wyonof's Distillery.
n - 2 scrolls of teleportation (gained 1)
Found a leather armour and a red potion.
There is an entrance to Wyonof's Distillery here.
Why would you want to do that?
There is an entrance to Nure's Magic Scroll Shop here.
There is an entrance to Wyonof's Distillery here.
Found 9 stones.
Found 10 gold pieces.
Found 3 stones.
An adder comes into view.
You see here a red potion.
You completely miss the adder. The adder barely misses you.
The adder bites you but does no damage.
You hit the adder.
The adder is moderately wounded.
The adder bites you but does no damage.
You hit the adder.
The adder is severely wounded.
The adder barely misses you. The adder bites you but does no damage.
You slash the adder!
You kill the adder!
g - 3 red potions (gained 1)
An ogre comes into view. It is wielding a +0 giant club.
Found a scroll labelled DINNYA XIORCH.
The ogre hits you with a +0 giant club!
You see here 10 gold pieces.
You barely miss the ogre.
The ogre hits you with a +0 giant club!!
You hit the ogre but do no damage. You slash the ogre!
The ogre is moderately wounded.
The ogre barely misses you.
You barely miss the ogre.
The ogre is moderately wounded.
The ogre hits you but does no damage.
You barely miss the ogre.
The ogre is moderately wounded.
The ogre hits you with a +0 giant club!
You die...

#. ###. ##..? #... ##...
##...# #...O# # ##...@#
.# ##.....# .#
##......###..#
##...........# .##
##(...........#
..[#####.............#
.....#...............#
#.....................#
##................(....#


You could see an ogre.

Vanquished Creatures
  Sigmund (D:2)
  A scorpion (D:4)
  A howler monkey (D:3)
  A sleepcap (D:2)
  An iguana (D:4)
  An orc wizard (D:3)
  3 gnolls (D:3)
  3 adders
  A worm (D:3)
  A dart slug (D:3)
  5 orcs (D:3)
  4 endoplasms
  2 giant cockroaches
  5 goblins
  4 hobgoblins
  6 kobolds
  5 ball pythons
  5 bats
  12 frilled lizards
  5 rats
67 creatures vanquished.

Notes
Turn   | Place    | Note
-------+----------+-------------------------------------------
     0 | D:1      | Sabo the Demonspawn Gladiator began the quest for the Orb.
     0 | D:1      | Reached XP level 1. HP: 16/16 MP: 1/1
   430 | D:1      | Gained mutation: Spells you cast may paralyse adjacent
                  | enemies. [demonic ancestry]
   430 | D:1      | Reached XP level 2. HP: 21/22 MP: 2/2
   800 | D:1      | Reached skill level 3 in Axes
   979 | D:2      | Gained mutation: You sometimes gain a little power by
                  | taking damage. [demonic ancestry]
   979 | D:2      | Reached XP level 3. HP: 6/27 MP: 3/3
  1337 | D:2      | Reached skill level 1 in Armour
  1432 | D:2      | Gained mutation: You are partially covered in large bone
                  | plates. (SH +4) [demonic ancestry]
  1432 | D:2      | Reached XP level 4. HP: 31/33 MP: 4/4
  1767 | D:2      | Noticed Sigmund
  1783 | D:2      | Killed Sigmund
  1784 | D:2      | Reached skill level 4 in Axes
  1784 | D:2      | Reached XP level 5. HP: 18/39 MP: 5/5
  2115 | D:2      | You fall into a shaft and drop 1 floor!
  2646 | D:3      | Reached XP level 6. HP: 34/46 MP: 6/6
  3089 | D:3      | Found an ancient bone altar of Kikubaaqudgha.
  3110 | D:3      | Found a snail-covered altar of Cheibriados.
  3316 | D:4      | Reached skill level 5 in Axes
  3524 | D:4      | Found the amulet of the Air {Inacc Air Fly rElec RMsl}
  4179 | D:5      | Entered Level 5 of the Dungeon
  4240 | D:5      | Found Ifapsawn's Weapon Shoppe.
  4255 | D:5      | Found Nure's Magic Scroll Shop.
  4261 | D:5      | Found Wyonof's Distillery.
  4321 | D:5      | Slain by an ogre

Illustrated notes

Levels and vault maps discovered:
D:1:      denvon_arrival_hothouse, layout_loops_ring, hangedman_decor_push,
          minmay_lizard_king
D:2:      layout_basic, minmay_misc_feat_more_columns, kennysheep_minor_cross,
          uniq_sigmund
D:3:      layout_rooms, grunt_temple_overflow_cloverleaf
D:4:      layout_loops_ring
D:5:      layout_layer_cave, minmay_temple_entry_ruins, serial_shops, shop,
          shop, shop, nicolae_shop_hallway_plus, nicolae_shop_tiny_waterfront,
          dreamdust_gnoll_farm, uniq_grinder, uniq_crazy_yiuf_cottage

Skill      XL: |  1  2  3  4  5  6 |
---------------+-------------------+-----
Throwing       | 2 |  2.2
Dodging        | 3 |  3.4
Axes           | 3 4 5 |  5.2
Armour         | 1 2 |  2.6
Fighting       | |  2.9
Stealth        | |  0.2
Shields        | |  0.7

Action                     |  1- 3 |  4- 6 || total
---------------------------+-------+-------++-------
  Melee: War axe           |   103 |   128 ||   231
         Punch             |     2 |     2 ||     4
    Use: Scroll            |       |     5 ||     5
         Potion            |       |     1 ||     1
   Stab: Sleeping          |     1 |       ||     1
 Armour: Leather armour    |    24 |       ||    24
         Ring mail         |     6 |       ||     6
         Scale mail        |    23 |    50 ||    73
         Chain mail        |       |     4 ||     4
  Dodge: Dodged            |    75 |    65 ||   140
  Block: Other             |       |    20 ||    20
